 Dungeon Crawl Stone Soup version 0.21.1-1-g345015f (webtiles) character file.

1720 Monsterracer the Vexing (level 9, -8/66 HPs)
             Began as a Gnoll Arcane Marksman on Feb 6, 2018.
             Was a Follower of Uskayaw.
             Mangled by an ogre
             ... wielding a +0 giant club
              (14 damage)
             ... on level 7 of the Dungeon.
             The game lasted 00:13:08 (6599 turns).

Monsterracer the Vexing (Gnoll Arcane Marksman)     Turns: 6599, Time: 00:13:09

Health: -8/66      AC: 17    Str: 16    XL:     9   Next: 4%
Magic:  16/16      EV: 10    Int: 15    God:    Uskayaw [*.....]
Gold:   228        SH:  0    Dex: 16    Spells: 5/17 levels left

rFire    . . .     SeeInvis .   b - +1 dagger (elec)
rCold    + . .     Gourm    .   (no shield)
rNeg     . . .     Faith    .   u - +4 chain mail {rC+}
rPois    .         Spirit   .   y - +1 helmet
rElec    .         Reflect  .   (no cloak)
rCorr    .         Harm     .   (no gloves)
MR       .....                  w - +1 pair of boots
Stlth    ..........             (no amulet)
HPRegen  0.21/turn              (no ring)
MPRegen  0.15/turn              (no ring)

@: no status effects
A: distributed training, fangs 1, strong nose
a: Stomp, Renounce Religion


You were on level 7 of the Dungeon.
You worshipped Uskayaw.
Uskayaw was noncommittal.
You were not hungry.

You visited 2 branches of the dungeon, and saw 8 of its levels.

You collected 228 gold pieces.

Inventory:

Hand Weapons
 a - a +1 war axe
 b - a +1 dagger of electrocution (weapon)
 v - a +0 rapier
Missiles
 d - 2 throwing nets {!f}
 f - 5 javelins
 t - 12 tomahawks (quivered)
Armour
 m - +0 storm dragon scales
 u - a +4 chain mail of cold resistance (worn)
 w - a +1 pair of boots (worn)
 y - a +1 helmet (worn)
Jewellery
 i - an uncursed ring of fire
Wands
 j - a wand of enslavement (7)
Scrolls
 g - 4 scrolls of remove curse
 o - 2 scrolls of enchant weapon
 q - 6 scrolls of identify
 s - 2 scrolls of teleportation
Potions
 e - 2 potions of ambrosia {!q}
 h - 3 potions of might
 k - a potion of lignification
 l - a potion of resistance
 n - a potion of heal wounds
 p - 4 potions of curing
 r - a potion of mutation {!q}
Comestibles
 c - 10 rations
 x - 2 chunks of flesh


   Skills:
 + Level 4.6 Fighting
 + Level 3.7 Short Blades
 + Level 3.7 Long Blades
 + Level 3.7 Axes
 + Level 3.7 Maces & Flails
 + Level 3.7 Polearms
 + Level 3.7 Staves
 + Level 3.7 Slings
 + Level 3.7 Bows
 + Level 3.7 Crossbows
 + Level 6.0 Throwing
 + Level 3.7 Armour
 + Level 6.0 Dodging
 + Level 3.7 Stealth
 + Level 3.7 Shields
 + Level 3.7 Unarmed Combat
 + Level 4.7 Spellcasting
 + Level 3.1 Conjurations
 + Level 6.3 Hexes
 + Level 3.1 Charms
 + Level 3.1 Summonings
 + Level 3.1 Necromancy
 + Level 3.1 Translocations
 + Level 3.1 Transmutations
 + Level 3.1 Fire Magic
 + Level 3.1 Ice Magic
 + Level 3.1 Air Magic
 + Level 3.1 Earth Magic
 + Level 3.1 Poison Magic
 + Level 4.1 Invocations
 + Level 3.7 Evocations


You had 5 spell levels left.
You knew the following spells:

 Your Spells              Type           Power        Failure   Level  Hunger
a - Corona                Hex            ###....      21%         1    None
b - Throw Icicle          Conj/Ice       ##......     100%        4    ####...
c - Portal Projectile     Hex/Tloc       ###...       75%         3    ###....
w - Cause Fear            Hex            ###.......   90%         4    ####...


Dungeon Overview and Level Annotations

Branches:
Dungeon (7/15)             Temple (1/1) D:4

Altars:
Ashenzari
Dithmenos
Elyvilon
Fedhas
Gozag
Hepliaklqana
Kikubaaqudgha
Makhleb
Nemelex Xobeh
Qazlal
Ru
Uskayaw
Wu Jian
Xom
Zin
The Shining One


Innate Abilities, Weirdness & Mutations

Your experience applies equally to all skills.
You have very sharp teeth.
Your uncanny sense of smell can sniff out nearby items.


Message History

The sky beast is severely wounded.
The sky beast hits you. The sky beast shocks you.
The sky beast flickers out of sight!
Deactivating autopickup; reactivate with Ctrl-A.
Something hits you. Something shocks you.
You take 13 damage, and have 33/61 hp.
MASSIVE DAMAGE!!
You hit something but do no damage. Something hits you but does no damage.
You slash something! Something hits you but does no damage.
You miss something.
Something hits you but does no damage. x2
You closely miss something. Something hits you but does no damage.
You closely miss something. Something hits you. Something shocks you.
* * * LOW HITPOINT WARNING * * *
You take 8 damage, and have 26/61 hp.
Okay, then.
You closely miss something. Something hits you.
* * * LOW HITPOINT WARNING * * *
Something shocks you.
* * * LOW HITPOINT WARNING * * *
Something hits you but does no damage.
You take 7 damage, and have 19/61 hp.
You miss something. Something completely misses you.
Unknown command.
You miss something. You bite something.
The phantom blinks!
Something hits you but does no damage.
Unknown command.
You stomp with the beat, sending a shockwave through the revelers around you!
Reactivating autopickup.
Your Throwing skill increases to level 6!
Your Dodging skill increases to level 6!
You have reached level 9!
Your experience leads to an increase in your attributes!
Increase (S)trength, (I)ntelligence, or (D)exterity?
You feel stronger.
You feel a bit more experienced.
You feel somewhat more hungry.
You can no longer stomp with the beat.
You now have 13/16 mp.
You hear the crackle of electricity.
b - a +1 dagger of electrocution (weapon)
You hit the iguana. Lightning courses through the iguana!
You kill the iguana!
The phantom blinks!
Things that are here:
an iguana corpse; a sky beast corpse
Things that are here:
an iguana corpse; a sky beast corpse You butcher the iguana corpse.
The phantom blinks!
x - 2 chunks of flesh
Things that are here:
an iguana skeleton; a sky beast corpse Your chain mail prevents you from hitting the phantom.
The phantom blinks!
You hit the phantom.
The phantom is lightly damaged.
The phantom hits you but does no damage.
You closely miss the phantom. Your bite misses the phantom.
The phantom is lightly damaged.
You hear the slow hiss of a distant avalanche of sand.
The phantom barely misses you.
You barely miss the phantom. You bite the phantom.
The phantom is lightly damaged.
You can now stomp with the beat.
You hit the phantom but do no damage.
The phantom is lightly damaged.
The phantom hits you.
* * * LOW HITPOINT WARNING * * *
The phantom blinks!
You take 2 damage, and have 23/66 hp.
MP restored: 16 An ogre comes into view.
It is wielding a giant club.
The ogre shouts!
The phantom blinks!
The phantom blinks!
The phantom blinks!
You hit the ogre. You bite the ogre, but do no damage.
The ogre is lightly wounded.
The ogre hits you with a giant club!
* * * LOW HITPOINT WARNING * * *
You take 11 damage, and have 15/66 hp.
You hit the ogre but do no damage.
The ogre is lightly wounded.
You barely miss the ogre. Your punch misses the ogre.
The ogre is lightly wounded.
The ogre hits you but does no damage.
You closely miss the ogre. You bite the ogre, but do no damage.
The ogre is lightly wounded.
The ogre hits you with a giant club!
* * * LOW HITPOINT WARNING * * *
You take 12 damage, and have 3/66 hp.
Things that are here:
an iguana skeleton; a sky beast corpse The phantom blinks!
You hit the ogre.
The ogre is lightly wounded.
The ogre barely misses you.
You hit the ogre but do no damage.
The ogre is lightly wounded.
You hit the ogre. Lightning courses through the ogre! You bite the ogre.
The ogre is severely wounded.
The ogre hits you with a giant club!
You die...

#....#
#....#
#....#
#....#
#..<.#
##....#
#..####
#.##
#@# #O#
#.# #.#
#.# #.#
... #.#
#.. #.#
#.#
#ยง#
#.#


You could see an ogre.

Vanquished Creatures
  Sigmund (D:2)
  The ghost of SaintRoka the Sneak, an amateur VSAs of Okawaru (D:5)
  A sky beast (D:7)
  An orc warrior (D:5)
  An ice beast (D:5)
  2 ogres
  2 centaurs (D:5)
  2 bullfrogs
  A scorpion (D:4)
  3 crimson imps
  A centaur zombie (D:6)
  A jelly (D:5)
  3 orc priests
  Jessica (D:3)
  2 iguanas
  Terence (D:2)
  2 orc wizards (D:4)
  2 worker ants
  A hound zombie (D:5)
  A hound skeleton (D:4)
  3 adders
  A shadow imp (D:6)
  2 oozes (D:1)
  2 adder skeletons
  4 worms (D:3)
  8 leopard geckos
  15 orcs
  A ball python (D:2)
  4 giant cockroaches
  8 goblins
  9 hobgoblins
  9 jackals
  A quokka (D:3)
  11 bats
  6 frilled lizards
  A jackal skeleton (D:4)
  6 kobolds
  8 rats
129 creatures vanquished.

Notes
Turn   | Place    | Note
-------+----------+-------------------------------------------
     0 | D:1      | Monsterracer the Gnoll Arcane Marksman began the quest for the Orb.
     0 | D:1      | Reached XP level 1. HP: 17/17 MP: 4/4
   132 | D:1      | Reached XP level 2. HP: 17/23 MP: 5/5
   421 | D:1      | Reached XP level 3. HP: 24/28 MP: 7/7
   967 | D:2      | Reached skill level 1 in Invocations
   974 | D:2      | Learned a level 3 spell: Portal Projectile
  1151 | D:2      | Reached skill level 1 in Short Blades
  1151 | D:2      | Reached skill level 1 in Long Blades
  1151 | D:2      | Reached skill level 1 in Axes
  1151 | D:2      | Reached skill level 1 in Maces & Flails
  1151 | D:2      | Reached skill level 1 in Polearms
  1151 | D:2      | Reached skill level 1 in Staves
  1151 | D:2      | Reached skill level 1 in Slings
  1151 | D:2      | Reached skill level 1 in Bows
  1151 | D:2      | Reached skill level 1 in Crossbows
  1151 | D:2      | Reached skill level 1 in Armour
  1151 | D:2      | Reached skill level 1 in Stealth
  1151 | D:2      | Reached skill level 1 in Shields
  1151 | D:2      | Reached skill level 1 in Unarmed Combat
  1151 | D:2      | Reached skill level 1 in Evocations
  1196 | D:2      | Noticed Sigmund
  1205 | D:2      | Killed Sigmund
  1205 | D:2      | Reached skill level 1 in Conjurations
  1205 | D:2      | Reached skill level 1 in Charms
  1205 | D:2      | Reached skill level 1 in Summonings
  1205 | D:2      | Reached skill level 1 in Necromancy
  1205 | D:2      | Reached skill level 1 in Translocations
  1205 | D:2      | Reached skill level 1 in Transmutations
  1205 | D:2      | Reached skill level 1 in Fire Magic
  1205 | D:2      | Reached skill level 1 in Ice Magic
  1205 | D:2      | Reached skill level 1 in Air Magic
  1205 | D:2      | Reached skill level 1 in Earth Magic
  1205 | D:2      | Reached skill level 1 in Poison Magic
  1205 | D:2      | Reached XP level 4. HP: 20/35 MP: 8/8
  1205 | D:2      | Reached XP level 5. HP: 23/41 MP: 9/9
  1412 | D:2      | Noticed Terence
  1441 | D:2      | HP: 15/41 [Terence/short sword (6)]
  1444 | D:2      | Killed Terence
  1444 | D:2      | Reached XP level 6. HP: 16/47 MP: 10/10
  1817 | D:2      | Learned a level 4 spell: Cause Fear
  2056 | D:3      | Noticed Jessica
  2067 | D:3      | Killed Jessica
  2673 | D:3      | Reached skill level 5 in Throwing
  2673 | D:3      | Reached skill level 5 in Dodging
  3273 | D:4      | Found a staircase to the Ecumenical Temple.
  3280 | Temple   | Entered the Ecumenical Temple
  3285 | Temple   | Became a worshipper of Uskayaw the Reveler
  3324 | D:4      | Reached * piety under Uskayaw
  3708 | D:4      | HP: 11/47 [orc priest/divine providence (14)]
  3712 | D:4      | Reached ** piety under Uskayaw
  3717 | D:4      | Reached XP level 7. HP: 14/52 MP: 12/12
  3717 | D:4      | Reached *** piety under Uskayaw
  3725 | D:4      | HP: 14/52 [orc wizard/dagger (1)]
  4402 | D:5      | Entered Level 5 of the Dungeon
  4402 | D:5      | Noticed SaintRoka's ghost (amateur VSAs)
  4414 | D:5      | Reached **** piety under Uskayaw
  4430 | D:5      | Killed SaintRoka's ghost
  4528 | D:5      | Reached XP level 8. HP: 46/60 MP: 12/14
  4730 | D:5      | Found a blossoming altar of Fedhas.
  4818 | D:5      | Learned a level 4 spell: Throw Icicle
  4831 | D:5      | Found a shimmering altar of Xom.
  6548 | D:7      | HP: 26/61 [something (5)]
  6552 | D:7      | Reached XP level 9. HP: 21/66 MP: 16/16
  6572 | D:7      | HP: 23/66 [phantom (2)]
  6584 | D:7      | HP: 15/66 [ogre/giant club (11)]
  6587 | D:7      | HP: 3/66 [ogre/giant club (12)]
  6599 | D:7      | Mangled by an ogre

Skill      XL: |  1  2  3  4  5  6  7  8 |
---------------+-------------------------+-----
Invocations    | 1 2 3 4 |  4.1
Short Blades   | 1 2 3 |  3.7
Long Blades    | 1 2 3 |  3.7
Axes           | 1 2 3 |  3.7
Maces & Flails | 1 2 3 |  3.7
Polearms       | 1 2 3 |  3.7
Staves         | 1 2 3 |  3.7
Slings         | 1 2 3 |  3.7
Bows           | 1 2 3 |  3.7
Crossbows      | 1 2 3 |  3.7
Armour         | 1 2 3 |  3.7
Stealth        | 1 2 3 |  3.7
Shields        | 1 2 3 |  3.7
Unarmed Combat | 1 2 3 |  3.7
Evocations     | 1 2 3 |  3.7
Fighting       | 3 4 |  4.6
Spellcasting   | 3 4 |  4.7
Conjurations   | 1 2 3 |  3.1
Charms         | 1 2 3 |  3.1
Summonings     | 1 2 3 |  3.1
Necromancy     | 1 2 3 |  3.1
Translocations | 1 2 3 |  3.1
Transmutations | 1 2 3 |  3.1
Fire Magic     | 1 2 3 |  3.1
Ice Magic      | 1 2 3 |  3.1
Air Magic      | 1 2 3 |  3.1
Earth Magic    | 1 2 3 |  3.1
Poison Magic   | 1 2 3 |  3.1
Throwing       | 5 6 |  6.0
Dodging        | 5 6 |  6.0
Hexes          | 6 |  6.3

Action                   |  1- 3 |  4- 6 |  7- 9 || total
-------------------------+-------+-------+-------++-------
Melee: Short sword       |    98 |   125 |       ||   223
       Bite              |     8 |    27 |    41 ||    76
       War axe           |       |    62 |   180 ||   242
       Trident           |       |     8 |       ||     8
       Punch             |       |     1 |     3 ||     4
       Dagger            |       |       |    68 ||    68
Throw: Tomahawk          |    15 |    19 |       ||    34
       Javelin           |     1 |     5 |       ||     6
       Throwing net      |       |     1 |       ||     1
Invok: Stomp             |       |       |     3 ||     3
  Use: Scroll            |       |    11 |     5 ||    16
 Stab: Sleeping          |     3 |       |       ||     3
       Paralysed         |       |       |     7 ||     7
  Eat: Chunk             |     1 |     8 |    10 ||    19
Armor: Robe              |    13 |     2 |       ||    15
       Chain mail        |       |   124 |   186 ||   310
Dodge: Dodged            |    90 |   104 |   103 ||   297

Vault maps used:
D:1:      dpeg_arrival_tiny_i, serial_forest, infiniplex_forest_lined_3_way,
          infiniplex_forest_pool, infiniplex_forest_zigzag_2,
          infiniplex_forest_lined_1
D:2:      first_ration, minmay_liquid_box, uniq_terence, uniq_sigmund
D:3:      cheibrodos_sewer_entry_bend, uniq_jessica
D:4:      minmay_temple_entry_hall
D:5:      fedhas_altar_3, basic_altar
D:7:      chequers_ossuary_entry_cave
Temple:   minmay_freezing_vapour_temple
